 Dungeon Crawl Stone Soup version 0.29-a0-2-g12fcac58f8 (webtiles) character file.

Game seed: 17003762263305920716

347 HallandMoats the Ruffian (level 6, -2/53 HPs)
             Began as a Ghoul Monk on Jan 27, 2022.
             Slain by a gnoll (3 damage)
             ... on level 3 of the Dungeon.
             The game lasted 00:02:28 (3206 turns).

HallandMoats the Ruffian (Ghoul Monk)               Turns: 3206, Time: 00:02:28

Health: -2/53      AC:  6    Str: 17    XL:     6   Next: 59%
Magic:  7/7        EV: 10    Int:  5    God:
Gold:   125        SH:  0    Dex: 11    Spells: 5/5 levels left

rFire   . . .      SeeInvis .     - Unarmed
rCold   + . .      Faith    .   (no shield)
rNeg    + + +      Spirit   .   h - +0 scale mail
rPois   ∞          Reflect  .   (no helmet)
rElec   .          Harm     .   (no cloak)
rCorr   .          Rampage  .   (no gloves)
Will    .....                   (no boots)
Stlth   ..........              (no amulet)
HPRegen 0.00/turn               (no ring)
MPRegen 0.10/turn               (no ring)

@: inhibited regen
A: claws 1, cold resistance 1, negative energy resistance 3, inhibited
regeneration, torment resistance 2
a: no special abilities


You were on level 3 of the Dungeon.
You visited 1 branch of the dungeon, and saw 3 of its levels.

You collected 125 gold pieces.

Inventory:

Armour
 h - a +0 scale mail (worn)
Wands
 a - a wand of digging (5)
Scrolls
 b - a scroll of silence {unknown}
 c - 2 scrolls of noise {unknown}
 f - 4 scrolls of identify {unknown}
Potions
 d - a potion of lignification {unknown}
 e - a potion of resistance {unknown}
 g - a potion of might {unknown}


   Skills:
 * Level 4.7 Fighting
 + Level 1.7 Armour
 + Level 3.3 Dodging
 - Level 2.1 Stealth
 * Level 4.9 Unarmed Combat
 * Level 3.3 Invocations


You had 5 spell levels left.
You didn't know any spells.
Your spell library contained the following spells:

 Spells                   Type           Power      Damage    Failure   Level
 Tukima's Dance           Hex            0%         N/A       99%         3
 Passage of Golubria      Tloc           0%         N/A       100%        4
 Yara's Violent Unravell  Hex/Tmut       0%         3d3       100%        5


Dungeon Overview and Level Annotations

Branches:
Dungeon (3/15)

Altars:
Fedhas


Innate Abilities, Weirdness & Mutations

You thrive by killing the living.
You are immune to poison.
You have sharp fingernails.
Your flesh is cold resistant. (rC+)
You are immune to negative energy. (rN+++)
You do not regenerate when monsters are visible.
You are immune to unholy pain and torment.


Message History

The gnoll barely misses you. The gnoll hits you but does no damage.
You closely miss the gnoll. The gnoll hits you with a +0 club.
The gnoll barely misses you.
You scratch the gnoll but do no damage. The gnoll hits you with a +0 club.
You barely miss the gnoll. The gnoll hits you with a +0 halberd.
The gnoll hits you with a +0 club.
* * * LOW HITPOINT WARNING * * *
You completely miss the gnoll. The gnoll closely misses you.
The gnoll hits you with a +0 club.
* * * LOW HITPOINT WARNING * * *
You scratch the gnoll.
The gnoll is lightly wounded.
The gnoll hits you with a +0 halberd.
* * * LOW HITPOINT WARNING * * *
The gnoll hits you with a +0 club.
* * * LOW HITPOINT WARNING * * *
You scratch the gnoll.
The gnoll is moderately wounded.
The gnoll hits you but does no damage. The gnoll hits you with a +0 club.
* * * LOW HITPOINT WARNING * * *
You barely miss the gnoll.
The gnoll is moderately wounded.
The gnoll hits you with a +0 halberd.
* * * LOW HITPOINT WARNING * * *
The gnoll closely misses you.
You completely miss the gnoll.
The gnoll is moderately wounded.
The gnoll misses you. The gnoll barely misses you.
You completely miss the gnoll.
The gnoll is moderately wounded.
A goblin comes into view. It is wielding a +0 dagger.
The gnoll hits you but does no damage. x2
The goblin shouts!
You scratch the gnoll.
The gnoll is heavily wounded.
The gnoll closely misses you. x2
You scratch the gnoll.
The gnoll is severely wounded.
The gnoll completely misses you. The gnoll hits you with a +0 club.
You die...

####).#.##.####.#.....
########..#....#
#.......
..........#.####
##..... ########.##.#
.. #.##.# ...
##'##.##### ....
#.........+ .....
#....)...g#......
#.......)@g...g..
#..........######
#..........#
............#
#########....# #....#
#....# #....#


You could see 2 gnolls and a goblin.

Vanquished Creatures
  Sigmund (D:3)
  A scorpion (D:2)
  Terence (D:2)
  A gnoll (D:3)
  4 adders
  2 worms
  A dart slug (D:1)
  4 ball pythons
  5 endoplasms (D:1)
  A giant cockroach (D:2)
  5 goblins
  4 hobgoblins
  3 jackals (D:1)
  4 quokkas
  A bat (D:3)
  3 frilled lizards
  7 kobolds
  7 rats
55 creatures vanquished.

Notes
Turn   | Place    | Note
-------+----------+-------------------------------------------
     0 | D:1      | HallandMoats the Ghoul Monk began the quest for the Orb.
     0 | D:1      | Reached XP level 1. HP: 19/19 MP: 0/0
   423 | D:1      | Reached XP level 2. HP: 25/26 MP: 1/1
   686 | D:1      | Reached skill level 1 in Invocations
  1002 | D:1      | Reached XP level 3. HP: 33/33 MP: 2/2
  2145 | D:2      | Found a faded altar of an unknown god.
  2223 | D:2      | Noticed a scorpion
  2237 | D:2      | Killed a scorpion
  2238 | D:2      | Reached skill level 1 in Armour
  2238 | D:2      | Reached XP level 4. HP: 20/40 MP: 4/4
  2238 | D:2      | Reached XP level 5. HP: 23/46 MP: 5/5
  2720 | D:2      | Noticed Terence
  2726 | D:2      | Killed Terence
  3003 | D:3      | Found a blossoming altar of Fedhas.
  3091 | D:3      | Noticed Sigmund
  3112 | D:3      | Killed Sigmund
  3113 | D:3      | Reached XP level 6. HP: 17/53 MP: 5/7
  3202 | D:3      | HP: 1/53 [gnoll (3)]
  3206 | D:3      | Slain by a gnoll

Illustrated notes

Levels and vault maps discovered:
D:1:      amcnicky_arrival_blooded_trapdoor, layout_basic
D:2:      layout_basic, nicolae_ecumenical_oubliette, uniq_terence
D:3:      layout_basic, lightli_temple_of_fire, mainiacjoe_overflow_24_doors,
          nzn_wu_jian_contemplation, mainiacjoe_overflow_chevrons, uniq_robin,
          uniq_sigmund

Skill      XL: |  1  2  3  4  5 |
---------------+----------------+-----
Invocations    | 1 2 3 |  3.3
Dodging        | 3 |  3.3
Fighting       | 4 |  4.7
Armour         | 1 |  1.7
Unarmed Combat | 4 |  4.9
Stealth        | |  2.1

Action                   |  1- 3 |  4- 6 || total
-------------------------+-------+-------++-------
Melee: Unarmed           |   149 |    93 ||   242
       Punch             |     5 |     2 ||     7
 Stab: Sleeping          |     7 |       ||     7
Armor: Robe              |    15 |       ||    15
       Scale mail        |       |    18 ||    18
Dodge: Dodged            |    80 |    45 ||   125

Table legend: (Time is in decaauts)
 A = Elapsed time spent in this place.
 B = Non-inter-level travel time spent in this place.
 C = Inter-level travel time spent in this place.
 D = Time resting spent in this place.
 E = Time spent auto-exploring this place.
 F = Levels seen in this place.
 G = Mean time per level.
                   A        B        C        D        E       F      G
               +--------+--------+--------+--------+--------+-----+--------+
         Total |   3188 |   3085 |    103 |    176 |   2433 |   3 | 1062.7 |
       Dungeon |   3188 |   3085 |    103 |    176 |   2433 |   3 | 1062.7 |
               +--------+--------+--------+--------+--------+-----+--------+

Top non-repeatable levels by time:
     D:1: 1760 daAuts
     D:2: 1139 daAuts
     D:3: 288 daAuts
